 Dungeon Sprint DCSS version 0.29-a0-1027-gcd8c55af63 (webtiles) character file.

Game seed: 16023219905114318041

25 mhtbhm the Covert (level 3, -6/22 HPs)
             Began as a Kobold Brigand on Aug 13, 2022.
             Mangled by an ogre
             ... wielding a +0 giant spiked club
              (28 damage)
             ... in the Dungeon (Sprint I: "Red Sonja").
             The game lasted 00:00:26 (202 turns).

mhtbhm the Covert (Kobold Brigand)                   Turns: 202, Time: 00:00:27

Health: -6/22      AC:  3    Str:  8    XL:     3   Next: 17%
Magic:  3/3        EV: 14    Int: 12    God:
Gold:   0          SH:  0    Dex: 18    Spells: 2/2 levels left

rFire   . . .      SeeInvis .   a - +2 dagger
rCold   . . .      Faith    .   (no shield)
rNeg    . . .      Spirit   .   b - +0 robe
rPois   .          Reflect  .   (no helmet)
rElec   .          Harm     .   c - +0 cloak
rCorr   .          Rampage  .   (no gloves)
Will    .....      NoTele   +   (no boots)
Stlth   +++++.....              (no amulet)
HPRegen 0.07/turn               (no ring)
MPRegen 0.08/turn               (no ring)

@: no status effects
A: small, no large weapons, nightstalker 3
a: no special abilities


You were in the Dungeon.
You visited 1 branch

Inventory:

Hand Weapons
 a - a +2 dagger (weapon)
Missiles
 d - 9 poisoned darts
 e - 3 curare-tipped darts (quivered)
Armour
 b - a +0 robe (worn)
 c - a +0 cloak (worn)
Wands
 g - a wand of polymorph (14)
Scrolls
 k - a scroll of blinking
Potions
 f - a potion of curing
 i - 2 potions of magic


   Skills:
 + Level 2.8 Fighting
 + Level 3.4 Short Blades
 + Level 3.0 Throwing
 + Level 1.8 Dodging
 + Level 8.6 Stealth


You had 2 spell levels left.
You didn't know any spells.
Your spell library was empty.

Dungeon Overview and Level Annotations

Branches:
Dungeon (1/1)

Altars:


Innate Abilities, Weirdness & Mutations

You are small and have problems with some larger weapons.
You are completely attuned to the shadows.


Message History

You kill Ijyb!
Your Short Blades skill increases to level 3!
Your Throwing skill increases to level 3!
Your Stealth skill gained 3 levels and is now at level 8!
You have reached level 2!
You have reached level 3!
Your experience leads to an increase in your attributes!
Increase (S)trength, (I)ntelligence, or (D)exterity?
You feel agile. x2
Unknown command.
g - a wand of polymorph (14)
Things that are here:
a +0 dagger; a +0 ring mail; the goblin corpse of Ijyb You feel a strong urge to attack something.
e - 2 curare-tipped darts (gained 1)
e - 3 curare-tipped darts (gained 1)
You are no longer berserk.
You are exhausted.
You feel yourself slow down.
Things that are here:
a +0 dagger; a +0 ring mail; the goblin corpse of Ijyb You start resting.
You feel yourself speed up.
You start resting.
You recover from your berserk rage.
You start resting.
Your extra speed is starting to run out.
You start resting.
You feel yourself slow down.
You start resting.
HP restored.
There is an open door here.
As you open the door, it creaks loudly!
You hear a shout!
An ogre comes into view. It is wielding a +0 giant spiked club.
The ogre barely misses you.
There is an open door here.
The ogre attacks as you move away!
The ogre hits you with a +0 giant spiked club!!
Ouch! That really hurt!
You die...

##########
#<.#..@O.#
#..'..#..+
#..#####+#
#..# #..#
#.)# #⌠⌠#
####


You could see an ogre.

Vanquished Creatures
  Ijyb (D)
1 creature vanquished.

Notes
Turn   | Place    | Note
-------+----------+-------------------------------------------
     0 | D        | mhtbhm the Kobold Brigand began the quest for the Orb.
     0 | D        | Reached XP level 1. HP: 12/12 MP: 1/1
     1 | D        | Noticed Ijyb
    25 | D        | Killed Ijyb
    26 | D        | Reached skill level 8 in Stealth
    26 | D        | Reached XP level 2. HP: 13/18 MP: 2/2
    26 | D        | Reached XP level 3. HP: 15/22 MP: 3/3
   200 | D        | Noticed an ogre
   202 | D        | Mangled by an ogre

Illustrated notes

Levels and vault maps discovered:
D:        dungeon_sprint_1 [red_sonja_temple_1, red_sonja_temple_small_1]

Skill      XL: |  1 |
---------------+----+-----
Short Blades   | 3 |  3.4
Throwing       | 3 |  3.0
Stealth        | 8 |  8.6
Fighting       | |  2.8
Dodging        | |  1.8

Action                   || total
-------------------------++-------
Melee: Dagger            ||    11
Throw: Dart              ||     2
  Use: Potion            ||     3
Armor: Robe              ||     2
Dodge: Dodged            ||    11

Table legend: (Time is in decaauts)
 A = Elapsed time spent in this place.
 B = Non-inter-level travel time spent in this place.
 C = Inter-level travel time spent in this place.
 D = Time resting spent in this place.
 E = Time spent auto-exploring this place.
 F = Levels seen in this place.
 G = Mean time per level.
                   A        B        C        D        E       F      G
               +--------+--------+--------+--------+--------+-----+--------+
         Total |    187 |    187 |      0 |    151 |      1 |   1 |  187.0 |
       Dungeon |    187 |    187 |      0 |    151 |      1 |   1 |  187.0 |
               +--------+--------+--------+--------+--------+-----+--------+

Top non-repeatable levels by time:
       D: 187 daAuts
